 Dungeon Crawl Stone Soup version 0.32-a0-468-g38b2580584 (webtiles) character file.

Game seed: 805703508555934552

4419 cforsyth the Fighter (level 10, -6/112 (129) HPs)
             Began as a Coglin Gladiator on Feb 24, 2024.
             Was an Initiate of Gozag.
             Mangled by a two-headed ogre
             ... wielding a +0 giant club
              (15 damage)
             ... on level 8 of the Dungeon on Feb 25, 2024.
             The game lasted 00:20:54 (8477 turns).

cforsyth the Fighter (Coglin Gladiator)             Turns: 8477, Time: 00:20:56

HP:   -6/112 (129)  AC: 20    Str: 19    XL:     10   Next: 36%
MP:   10/10         EV:  6    Int:  7    God:    Gozag
Gold: 844           SH:  0    Dex: 16    Spells: 9/9 levels left

rFire   . . .        a - +1 war axe {Raúl}
rCold   . . .        k - +2 dagger (holy) {Rafael}
rNeg    . . .        n - +7 chain mail "Ucaomm" {Rampage SInv}
rPois   .            c - +1 helmet
rElec   .            (no cloak)
rCorr   .            (no gloves)
SInv    +            (no boots)
Will    .....        v - amulet of the acrobat Stlth
                     (ring unavailable)
HPRegen 0.38/turn    (ring unavailable)
MPRegen 0.12/turn

%: acrobat, rampage
@: berserking, grasped by roots, constricted, heavily drained, revved, very
quick
A: off-hand wielding, slow wielding, warmup strikes, no rings
a: Renounce Religion, Potion Petition, Call Merchant, Bribe Branch


You were on level 8 of the Dungeon.
You worshipped Gozag.
Gozag was pleased with you.
You visited 2 branches of the dungeon, and saw 9 of its levels.
You also visited: Ossuary.

You collected 1059 gold pieces.
You paid 215 gold pieces to Gozag.


Innate Abilities, Weirdness & Mutations

You can wield a second weapon in your off-hand.
It takes a long time for you to wield or remove held weapons.
Your first few attacks do less damage.
Your grasper-arms cannot wear rings.


   Skills:
 + Level 10.7 Fighting
 - Level 3.0 Axes
 - Level 1.7 Throwing
 + Level 9.6 Armour
 - Level 2.6 Dodging


You had 9 spell levels left.
You didn't know any spells.
Your spell library contained the following spells:

 Spells                   Type           Power      Damage    Failure   Level
 Apportation              Tloc           0%         N/A       96%         1
 Necrotise                Necr           0%         1d4       96%         1
 Sting                    Conj/Alch      0%         1d3       96%         1
 Summon Small Mammal      Summ           0%         N/A       96%         1
 Mercury Vapours          Alch/Air       0%         N/A       99%         2
 Call Canine Familiar     Summ           0%         N/A       100%        3
 Mephitic Cloud           Conj/Alch/Air  0%         N/A       100%        3
 Fulminant Prism          Conj/Alch      0%         3d5       100%        4
 Summon Blazeheart Golem  Fire/Summ      0%         N/A       100%        4
 Freezing Cloud           Conj/Ice/Air   0%         6-21      100%        5
 Death's Door             Necr           0%         N/A       100%        9

Inventory:

Hand Weapons
 a - a +1 war axe (weapon) {Raúl}
 k - a +2 dagger of holy wrath (offhand) {Rafael}
Missiles
 d - 3 throwing nets (quivered) {=f}
 e - a javelin
Armour
 c - a +1 helmet (worn)
 n - the +7 chain mail "Ucaomm" (worn) {Rampage SInv}
   (You found it on level 2 of the Dungeon)

   SInv:      It lets you see invisible.
   Rampage:   It bestows one free step when moving towards enemies.
Jewellery
 v - an amulet of the acrobat (around neck)
Wands
 u - a wand of flame (10)
Scrolls
 b - 2 scrolls of enchant weapon
 f - a scroll of amnesia {unknown}
 g - a scroll of vulnerability {unknown}
 i - 2 scrolls of fog
 j - a scroll of fear
 r - a scroll of blinking
 w - 2 scrolls of teleportation {@r2}
 y - a scroll of immolation
 B - 2 scrolls of enchant armour
Potions
 h - a potion of ambrosia
 l - 2 potions of mutation
 m - a potion of cancellation {unknown}
 o - a potion of magic
 p - 3 potions of heal wounds {@q2}
 q - 8 potions of curing {@q1}
 s - 5 potions of haste {@q3}
 t - a potion of berserk rage {!q}
 x - 2 potions of lignification
 z - a potion of attraction {unknown}
 A - a potion of enlightenment

Dungeon Overview and Level Annotations

Branches:
Dungeon (8/15)             Temple (1/1) D:6         Ossuary (visited)
   Lair: D:8-11

Altars:
Ashenzari
Cheibriados
Dithmenos
Elyvilon
Fedhas
Gozag
Hepliaklqana
Kikubaaqudgha
Makhleb
Nemelex Xobeh
Qazlal
Ru
Sif Muna
Uskayaw
Vehumet
Wu Jian
Xom
Yredelemnul
The Shining One

Shops:
D:4 =

Annotations:
D:6 3 runed translucent doors, scarr's ghost, novice TeNe
D:8 Jeremiah

.............#
.............#
.............#
......b?..b..#
.............#
.#........b..####.
..................
##.......bb.b###
#.......O@Fb#
#.....bb....#
######...bb.#
#.#....#
########......#
#........##...#
#.######.###..#
#.#....# #.###.##


You could see a two-headed ogre and Jeremiah.


Message History

The grasping roots constrict you.
Unknown command.
A red film seems to cover your vision as you go berserk!
You feel yourself moving faster!
You feel mighty!
The butterfly disappears in a burst of colours!
Jeremiah hits you with a +2 trident of draining.
* * * LOW HITPOINT WARNING * * *
You feel drained.
* * * LOW HITPOINT WARNING * * *
The grasping roots constrict you.
* * * LOW HITPOINT WARNING * * *
Unknown command.
Unknown command.
Unknown command.
Unknown command.
You barely miss the two-headed ogre with your +2 dagger of holy wrath.
The two-headed ogre is heavily wounded.
You barely miss the two-headed ogre with your +1 war axe.
You miss the butterfly with your +1 war axe.
You closely miss the butterfly with your +1 war axe.
You slash the butterfly with your +1 war axe!
You kill the butterfly!
The butterfly disappears in a burst of colours!
You slash Jeremiah with your +1 war axe!
You barely miss the butterfly with your +1 war axe.
You miss the butterfly with your +1 war axe.
The butterfly disappears in a burst of colours!
The two-headed ogre hits you with a +0 giant club!
You die...
Your body crumbles into a pile of gold.

Skill      XL: |  1  2  3  4  5  6  7  8  9 10 |
---------------+-------------------------------+-----
Armour         | 1 2 3 4 5 7 8 9 |  9.6
Fighting       | 3 4 5 6 8 10 | 10.7
Axes           | |  3.0
Throwing       | |  1.7
Dodging        | |  2.6

Action                     |  1- 3 |  4- 6 |  7- 9 | 10-12 || total
---------------------------+-------+-------+-------+-------++-------
  Melee: War axe           |   116 |   119 |   329 |   135 ||   699
         Dagger            |    36 |   111 |   308 |   121 ||   576
    Use: Potion            |       |       |     1 |     1 ||     2
         Scroll            |       |       |     9 |    10 ||    19
   Stab: Distracted        |       |       |       |     1 ||     1
 Armour: Leather armour    |    78 |     1 |       |       ||    79
         Chain mail        |       |   134 |   346 |   113 ||   593
  Dodge: Dodged            |    77 |    54 |   218 |    49 ||   398

Levels and vault maps discovered:
D:1:      mainiacjoe_arrival_reflecting_pool, layout_basic
D:2:      layout_loops_corners
D:3:      layout_basic, minmay_close_crescents
D:4:      layout_basic, serial_shops, nicolae_shop_behind_doors, uniq_duvessa,
          uniq_eustachio
D:5:      cheibrodos_fzero, layout_gridville
D:6:      layout_loops_corners, mainiacjoe_overflow_chevrons,
          nicolae_yredelemnul_ghost_church, nicolae_overflow_squiral,
          minmay_temple_entry_sparse_star, enter_ossuary_5,
          kennysheep_flooded_box, minmay_crossroads
D:7:      layout_loops_ring, serial_undead, serial_undead_c, serial_undead_b,
          serial_undead_a, serial_undead_c, serial_undead_a, st_stairs_3,
          minmay_nine_imps
D:8:      layout_basic, bloody_trog, led_sif_book, minmay_strange_pillars,
          uniq_psyche, uniq_jeremiah
Temple:   nicolae_temple_superstar

Notes
Turn   | Place    | Note
-------+----------+-------------------------------------------
     0 | D:1      | cforsyth the Coglin Gladiator began the quest for the Orb.
     0 | D:1      | Reached XP level 1. HP: 16/16 MP: 1/1
    95 | D:1      | Reached XP level 2. HP: 18/23 MP: 2/2
    97 | D:1      | Reached skill level 1 in Armour
   566 | D:1      | Reached XP level 3. HP: 28/28 MP: 3/3
   825 | D:2      | Reached skill level 3 in Fighting
  1165 | D:2      | Reached skill level 2 in Armour
  1165 | D:2      | Reached XP level 4. HP: 13/35 MP: 4/4
  1509 | D:2      | Identified the +7 chain mail "Ucaomm" {Rampage SInv}
  1781 | D:3      | Reached XP level 5. HP: 42/42 MP: 5/5
  1966 | D:3      | Reached skill level 4 in Fighting
  1973 | D:3      | Reached skill level 3 in Armour
  2167 | D:3      | Got the Vellum of Refulgent Desecration
  2534 | D:4      | Reached XP level 6. HP: 37/49 MP: 6/6
  2684 | D:4      | Reached skill level 5 in Fighting
  2684 | D:4      | Reached skill level 4 in Armour
  2826 | D:4      | Noticed Eustachio
  2871 | D:4      | Killed Eustachio
  2872 | D:4      | Reached XP level 7. HP: 46/56 MP: 7/7
  3237 | D:4      | Noticed Duvessa
  3239 | D:4      | Noticed Dowan
  3261 | D:4      | Killed Duvessa
  3272 | D:4      | Killed Dowan
  3272 | D:4      | HP: 1/57 [poisoned by Dowan]
  3482 | D:4      | Reached skill level 6 in Fighting
  3482 | D:4      | Reached skill level 5 in Armour
  3485 | D:4      | HP: 5/58 [orc priest/divine providence (13)]
  3722 | D:4      | Found Etre Ing's Jewellery Emporium.
  3924 | D:4      | Reached XP level 8. HP: 46/65 MP: 8/8
  4114 | D:5      | Entered Level 5 of the Dungeon
  4233 | D:5      | Reached skill level 7 in Fighting
  4233 | D:5      | Reached skill level 6 in Armour
  4262 | D:5      | Noticed a wyvern
  4275 | D:5      | Killed a wyvern
  4499 | D:5      | Reached skill level 8 in Fighting
  4506 | D:5      | Reached skill level 7 in Armour
  4720 | D:5      | Reached XP level 9. HP: 21/74 MP: 9/9
  5421 | D:6      | Found a blossoming altar of Fedhas.
  5481 | D:6      | Reached skill level 9 in Fighting
  5498 | D:6      | Reached skill level 8 in Armour
  5665 | D:6      | Found a staircase to the Ecumenical Temple.
  5788 | D:6      | Found a snail-covered altar of Cheibriados.
  5869 | D:6      | Found a sand-covered staircase.
  5873 | Ossuary  | Entered an ossuary
  6253 | D:6      | Found a hazy altar of Hepliaklqana.
  6616 | D:6      | Found a runed translucent gate.
  6616 | D:6      | Found a runed translucent gate.
  6616 | D:6      | Found a runed translucent gate.
  6616 | D:6      | Noticed scarr's ghost (novice TeNe)
  6618 | D:6      | Found a basalt altar of Yredelemnul.
  6875 | Temple   | Entered the Ecumenical Temple
  6886 | Temple   | Became a worshipper of Gozag Ym Sagoz the Greedy
  7016 | D:7      | Reached skill level 10 in Fighting
  7016 | D:7      | Reached XP level 10. HP: 83/85 MP: 10/10
  7136 | D:7      | Reached skill level 9 in Armour
  8234 | D:8      | Found a shimmering blue altar of Sif Muna.
  8244 | D:8      | Noticed Jeremiah
  8467 | D:8      | Noticed a two-headed ogre
  8476 | D:8      | HP: 11/112 [Jeremiah/+2 trident of draining (1)]
  8477 | D:8      | Mangled by a two-headed ogre

Vanquished Creatures
  A wyvern (D:5)
  Eustachio (D:4)
  A steam dragon (D:5)
  Duvessa (D:4)
  A water moccasin (D:5)
  An ice beast (D:6)
  2 black bears
  A sky beast (D:6)
  3 ogres
  2 centaurs
  2 phantoms
  3 bullfrogs
  A water moccasin zombie (D:7)
  2 scorpions
  3 wights (D:7)
  Dowan (D:4)
  6 killer bees
  3 howler monkeys
  8 crimson imps (D:7)
  2 bullfrog zombies (D:6)
  3 bombardier beetles
  2 centaur zombies (D:7)
  5 orc priests
  3 jellies
  2 gnoll boudas
  3 hounds
  6 sleepcaps
  6 iguanas
  7 orc wizards
  2 killer bee zombies (D:7)
  8 mummies (Ossuary)
  A howler monkey zombie (D:7)
  12 gnolls
  10 adders
  3 shadow imps
  A white imp (D:7)
  An ufetubus (D:5)
  6 dart slugs
  2 ribbon worms
  35 orcs
  3 bats
  9 endoplasms
  5 giant cockroaches
  A gnoll zombie (Ossuary)
  3 goblins
  4 hobgoblins
  6 quokkas
  5 ball pythons
  8 frilled lizards
  2 hobgoblin zombies (Ossuary)
  8 kobolds
  A kobold zombie (Ossuary)
  4 orc zombies (Ossuary)
  8 rats
230 creatures vanquished.

Vanquished Creatures (others)
  A bombardier beetle (D:5)
  An orc wizard (D:7)
2 creatures vanquished.

Grand Total: 232 creatures vanquished

Table legend: (Time is in decaauts)
 A = Elapsed time spent in this place.
 B = Non-inter-level travel time spent in this place.
 C = Inter-level travel time spent in this place.
 D = Time resting spent in this place.
 E = Time spent auto-exploring this place.
 F = Levels seen in this place.
 G = Mean time per level.
                   A        B        C        D        E       F      G
               +--------+--------+--------+--------+--------+-----+--------+
         Total |   8605 |   8298 |    307 |    885 |   5306 |  10 |  860.5 |
       Dungeon |   8330 |   8035 |    295 |    885 |   5141 |   8 | 1041.2 |
        Temple |     22 |     11 |     11 |      0 |      0 |   1 |   22.0 |
       Ossuary |    252 |    252 |      0 |      0 |    165 |   1 |  252.0 |
               +--------+--------+--------+--------+--------+-----+--------+

Top non-repeatable levels by time:
     D:4: 1622 daAuts
     D:6: 1378 daAuts
     D:7: 1322 daAuts
     D:5: 1100 daAuts
     D:2: 1026 daAuts
     D:3: 1001 daAuts
     D:1: 701 daAuts
 Ossuary: 252 daAuts
     D:8: 177 daAuts
  Temple: 22 daAuts

Table legend:
 A = Non-vault XP
 B = Vault XP
 C = Vault XP percentage of total XP
 D = Non-vault monster count
 E = Vault monster count
 F = Vault count percentage of total count
                 A         B        C        D         E       F
            +---------+---------+-------+---------+---------+-------
      Total |    3521 |    2792 |  44.2 |     162 |      70 |  30.2
            +---------+---------+-------+---------+---------+-------
        D:1 |      39 |       0 |   0.0 |      26 |       0 |   0.0
        D:2 |      54 |       0 |   0.0 |      17 |       0 |   0.0
        D:3 |     193 |      35 |  15.4 |      22 |       6 |  21.4
        D:4 |     557 |     405 |  42.1 |      26 |       3 |  10.3
        D:5 |     698 |     852 |  55.0 |      16 |      18 |  52.9
        D:6 |    1257 |     284 |  18.4 |      27 |       5 |  15.6
        D:7 |     597 |    1063 |  64.0 |      27 |      22 |  44.9
        D:8 |     126 |       0 |   0.0 |       1 |       0 |   0.0
    Ossuary |       0 |     153 | 100.0 |       0 |      16 | 100.0
            +---------+---------+-------+---------+---------+-------
